 Dungeon Sprint DCSS version 0.19.1 (webtiles) character file.

54 KingBobo974 the Archer (level 5, -3/45 HPs)
             Began as a Centaur Hunter on Dec 15, 2016.
             Was a Follower of Okawaru.
             Slain by a hellwing (8 damage)
             ... in the Dungeon (Sprint VI: "Thunderdome").
             The game lasted 00:05:43 (467 turns).

KingBobo974 the Archer (Centaur Hunter)              Turns: 467, Time: 00:05:43

Health: -3/45      AC:  6    Str: 15    XL:     5   Next: 57%
Magic:  5/5        EV:  9    Int: 12    God:    Okawaru [*.....]
Gold:   145        SH:  0    Dex:  6    Spells: 0 memorised, 4 levels left

rFire  . . .     SeeInvis +     a - +1 shortbow
rCold  . . .     Gourm    .     s - +0 ring mail
rNeg   + + +     Faith    .     (shield currently unavailable)
rPois  .         Spirit   .     (no helmet)
rElec  .         Reflect  .     (no cloak)
rCorr  +         Harm     +     (no gloves)
MR     ++...     NoTele   +     (no barding)
Stlth  ..........               r - amulet of the Exiled Lives {Harm *Drain rN+ MR++ Int-2 SInv}
                                q - ring of Qotad {rCorr rN++ Dex-2 Slay+3 SInv}
                                p - ring "Ysesiu" {+Inv +Fly Int+4 Dex-2 Slay+2}

@: very quick
A: hooves 3, deformed body, speed 2, tough skin 3
a: Heroism, Renounce Religion, Evoke Invisibility, Evoke Flight


You were in the Dungeon.
You worshipped Okawaru.
Okawaru was aware of your devotion.
You were not hungry.

You visited 1 branch You collected 280 gold pieces.
You spent 135 gold pieces at shops.

Inventory:

Hand Weapons
 a - a +1 shortbow (weapon)
 b - a +0 short sword
Missiles
 d - 2 arrows (quivered)
Armour
 c - a +0 leather armour
 s - a +0 ring mail (worn)
Jewellery
 p - the ring "Ysesiu" (left hand) {+Inv +Fly Int+4 Dex-2 Slay+2}
   (You bought it in a shop in the Dungeon)

   [ring of flight]

   It affects your intelligence (+4).
   It affects your dexterity (-2).
   It affects your accuracy and damage with ranged weapons and melee attacks
   (+2).
   It lets you turn invisible.
   It lets you fly.
 q - the ring of Qotad (right hand) {rCorr rN++ Dex-2 Slay+3 SInv}
   (You bought it in a shop in the Dungeon)

   [ring of resist corrosion]

   It affects your dexterity (-2).
   It affects your accuracy and damage with ranged weapons and melee attacks
   (+3).
   It greatly protects you from negative energy.
   It lets you see invisible.
 r - the amulet of the Exiled Lives (around neck) {Harm *Drain rN+ MR++ Int-2 SInv}
   (You bought it in a shop in the Dungeon)

   [amulet of harm]

   It increases damage dealt and taken.
   It affects your intelligence (-2).
   It protects you from negative energy.
   It affects your resistance to hostile enchantments.
   It lets you see invisible.
   It causes draining when unequipped.
Wands
 m - a wand of acid (5/15)
 n - a wand of iceblast (5/15)
Scrolls
 k - 4 scrolls of blinking
 o - 3 scrolls of fog
Potions
 e - a potion of curing
 g - 2 potions of heal wounds
 h - 4 potions of haste
 i - 2 potions of magic
 j - a potion of berserk rage
 l - a potion of resistance
Comestibles
 f - a bread ration


   Skills:
 - Level 3.5 Fighting
 * Level 13.3 Bows
 + Level 2.4 Armour
 + Level 3.1 Dodging
 - Level 0.5 Stealth


You had 4 spell levels left.
You didn't know any spells.

Dungeon Overview and Level Annotations

Branches:
Dungeon (1/1)

Altars:
Cheibriados
Dithmenos
Fedhas
Gozag
Kikubaaqudgha
Makhleb
Okawaru
Qazlal
Ru
Sif Muna
Trog
Uskayaw
Vehumet
Xom
Yredelemnul
Zin
The Shining One
Beogh
Jiyva
Lugonu

Shops:
D *[%??*?*:[((!!!


Innate Abilities, Weirdness & Mutations

You have hooves in place of feet.
Armour fits poorly on your strangely shaped body.
You cover ground very quickly.
You have extremely tough skin. (AC +3)


Message History

d - an arrow The hellwing hits you!
* * * LOW HITPOINT WARNING * * *
The hellwing closely misses you.
You feel much better. The hellwing hits you!
* * * LOW HITPOINT WARNING * * *
The hellwing hits you.
* * * LOW HITPOINT WARNING * * *
You see here a worm corpse.
An orange demon comes into view.
The orange demon screeches!
The hellwing swoops through the air toward you!
The hellwing completely misses you.
The hellwing hits you but does no damage.
You see here an arrow.
d - 2 arrows (gained 1)
The hellwing hits you.
* * * LOW HITPOINT WARNING * * *
The hellwing hits you!
You die...

#_......._# #_......._#
#........_#
###4........###
#⌠...........⌠#
######.8)........8.#
##∩___......###......__
###∩.....4..8.# #.8......
##.......@(....###........
#(.....†...[###...###.....
#⌠..(..(...(# #.<.# #.....
#⌠......(..(###...###.....
##.......(.[(..###........
###∩........8.# #.8......
##∩___..(...###......._
######.8(........8.###
#⌠...........⌠#


You could see an orange demon and a hellwing.

Vanquished Creatures
  An orc warrior (D)
  Blork the orc (D)
  An orc priest (D)
  2 worms (D)
  3 orcs (D)
  3 giant cockroaches (D)
11 creatures vanquished.

Notes
Turn   | Place    | Note
-------+----------+-------------------------------------------
     0 | D        | KingBobo974 the Centaur Hunter began the quest for the Orb.
     0 | D        | Reached XP level 1. HP: 17/17 MP: 1/1
     4 | D        | Found a blossoming altar of Fedhas.
     5 | D        | Found a radiant altar of Vehumet.
     5 | D        | Found a glowing silver altar of Zin.
     6 | D        | Found a basalt altar of Yredelemnul.
     6 | D        | Found a hide-covered altar of Uskayaw.
     7 | D        | Found Bisheana's Bee Food.
     7 | D        | Found a sacrificial altar of Ru.
     7 | D        | Found a glowing golden altar of the Shining One.
     7 | D        | Found Qenadd's Identification Station.
     8 | D        | Found Amant's Jewellery.
     8 | D        | Found Xeulae's Advanced Armour.
     8 | D        | Round 1.
    10 | D        | Found a shimmering altar of Xom.
    17 | D        | Bought a bound jade ring for 45 gold pieces
    17 | D        | Bought a bound lead ring for 45 gold pieces
    17 | D        | Bought a coiled pewter amulet for 45 gold pieces
    17 | D        | Identified the amulet of the Exiled Lives {Harm *Drain rN+ MR++ Int-2 SInv} (You bought it in a shop in the Dungeon)
    18 | D        | Identified the ring "Ysesiu" {+Inv +Fly Int+4 Dex-2 Slay+2} (You bought it in a shop in the Dungeon)
    19 | D        | Identified the ring of Qotad {rCorr rN++ Dex-2 Slay+3 SInv} (You bought it in a shop in the Dungeon)
    27 | D        | Found Xaos's Magic Scroll Shop.
    29 | D        | Found an iron altar of Okawaru.
    29 | D        | Found a corrupted altar of Lugonu.
    29 | D        | Found a bloodstained altar of Trog.
    29 | D        | Found Mapask's Staff Store.
    30 | D        | Found Qymimn's Magic Scroll Shop.
    30 | D        | Found Pife's Must-Have Magic.
    35 | D        | Found a burning altar of Makhleb.
    36 | D        | Found a deep blue altar of Sif Muna.
    37 | D        | Found an opulent altar of Gozag.
    41 | D        | Became a worshipper of Warmaster Okawaru
    62 | D        | Reached skill level 6 in Bows
    70 | D        | Found a shadowy altar of Dithmenos.
    76 | D        | Found Ythuprin's Premium Goods.
    99 | D        | Found Lostryof's Miscellaneous Merchandise.
    99 | D        | Found Ichops's Basic Armour.
   106 | D        | Found Ofoasesili's Weapon Rack.
   106 | D        | Found an ancient bone altar of Kikubaaqudgha.
   106 | D        | Found a roughly hewn altar of Beogh.
   106 | D        | Found a snail-covered altar of Cheibriados.
   117 | D        | Found a stormy altar of Qazlal.
   181 | D        | Reached skill level 7 in Bows
   212 | D        | Arena points: 12 (+12) [x2]
   212 | D        | Reached XP level 2. HP: 25/25 MP: 2/2
   261 | D        | Round 2.
   274 | D        | Reached skill level 9 in Bows
   274 | D        | Reached XP level 3. HP: 30/30 MP: 3/3
   283 | D        | Noticed Blork the orc
   306 | D        | Killed Blork the orc
   306 | D        | Reached * piety under Okawaru
   306 | D        | Reached skill level 12 in Bows
   306 | D        | Reached XP level 4. HP: 16/38 MP: 4/4
   339 | D        | Found a viscous altar of Jiyva.
   340 | D        | Found Izeudyod's Do-It-Yourself Clinic.
   357 | D        | Found Ecred's Bottled Wisdom.
   357 | D        | Found Qinun's Distillery.
   382 | D        | Noticed an orc warrior
   387 | D        | Killed an orc warrior
   387 | D        | Arena points: 54 (+42) [x3]
   387 | D        | Reached skill level 13 in Bows
   387 | D        | Reached XP level 5. HP: 28/45 MP: 5/5
   424 | D        | Round 3.
   432 | D        | Noticed a hellwing
   455 | D        | HP: 2/45 [hellwing (6)]
   462 | D        | HP: 2/45 [hellwing (8)]
   466 | D        | Noticed an orange demon
   467 | D        | Slain by a hellwing

Skill      XL: |  1  2  3  4 |
---------------+-------------+-----
Bows           | 7 9 12 13 | 13.3
Fighting       | 3 |  3.5
Armour         | 2 |  2.4
Dodging        | 3 |  3.1
Stealth        | |  0.5

Action                   |  1- 3 |  4- 6 || total
-------------------------+-------+-------++-------
 Fire: Shortbow          |    26 |    24 ||    50
  Use: Potion            |       |     2 ||     2
Armor: Ring mail         |       |     3 ||     3
Dodge: Dodged            |     4 |     7 ||    11
